 Dungeon Crawl Stone Soup version 0.30-a0-4-ga7cffc901d (webtiles) character file.

Game seed: 15396380341144154863

160 bearlyready the Charlatan (level 5, -2/41 HPs)
             Began as a Formicid Artificer on Aug 22, 2022.
             Slain by a gnoll
             ... wielding a +0 whip
              (7 damage)
             ... on level 3 of the Dungeon.
             The game lasted 00:04:50 (3615 turns).

bearlyready the Charlatan (Formicid Artificer)      Turns: 3615, Time: 00:04:50

Health: -2/41      AC:  3    Str: 18    XL:     5   Next: 69%
Magic:  5/5        EV: 11    Int:  9    God:
Gold:   186        SH:  0    Dex: 14    Spells: 4/4 levels left

rFire   . . .      SeeInvis +    o - +1 whip (elec)
rCold   . . .      Faith    .    (no shield)
rNeg    . . .      Spirit   .    b - +0 leather armour
rPois   .          Reflect  .    (helmet unavailable)
rElec   .          Harm     .    (no cloak)
rCorr   .          Rampage  .    (no gloves)
Will    .....                    (no boots)
Stlth   +.........               (no amulet)
HPRegen 0.13/turn                (no ring)
MPRegen 0.09/turn                (no ring)

@: mighty
A: permanent stasis, dig shafts and tunnels, antennae 3, four strong arms,
hooves 1, dopey 1, wild magic 1
a: Dig, Shaft Self


You were on level 3 of the Dungeon.
You visited 1 branch of the dungeon, and saw 4 of its levels.

You collected 186 gold pieces.

Inventory:

Hand Weapons
 a - a +0 club
 f - a +0 dagger
 n - a +0 falchion
 o - a +1 whip of electrocution (weapon)
Armour
 b - a +0 leather armour (worn)
 t - a +2 hat
Magical Staves
 l - a staff of poison
Wands
 c - a wand of flame (27) (quivered)
 d - a wand of charming (14)
 e - a wand of iceblast (4)
Scrolls
 i - 3 scrolls of identify {unknown}
 p - a scroll of teleportation {unknown}
 q - a scroll of butterflies {unknown}
 u - a scroll of noise {unknown}
Potions
 g - a potion of mutation
 h - a potion of might
 j - a potion of cancellation {unknown}
 k - a potion of haste {unknown}
 m - a potion of ambrosia {unknown}
 r - a potion of invisibility {unknown}
 s - a potion of attraction {unknown}


   Skills:
 + Level 3.5 Fighting
 + Level 1.8 Maces & Flails
 - Level 2.1 Armour
 - Level 0.8 Dodging
 - Level 1.2 Stealth
 + Level 4.9 Evocations


You had 4 spell levels left.
You didn't know any spells.
Your spell library was empty.

Dungeon Overview and Level Annotations

Branches:
Dungeon (4/15)
 Temple: D:4-7

Altars:
Dithmenos

Shops:
D:3 (*


Innate Abilities, Weirdness & Mutations

You cannot be hasted, slowed, berserked, paralysed or teleported.
You can dig through walls and to a lower floor.
You have a pair of large antennae on your head. (SInv)
Your four strong arms can wield two-handed weapons with a shield.
You have large cloven feet.
You are dopey. (Int -2)
Your spells are a little harder to cast, but a little more powerful.


Message History

You closely miss the adder.
The adder is almost dead.
You feel sick.
You are no longer poisoned.
The adder bites you.
The giant cockroach bites you but does no damage.
The gnoll hits you with a +0 whip.
* * * LOW HITPOINT WARNING * * *
The gnoll hits you but does no damage. The adder closely misses you.
Okay, then.
It was a potion of might.
You feel very mighty all of a sudden.
The giant cockroach waves its antennae.
The giant cockroach bites you.
* * * LOW HITPOINT WARNING * * *
The adder bites you but does no damage. The gnoll completely misses you.
The gnoll closely misses you.
It was a potion of mutation.
You feel extremely strange.
Your feet thicken and deform.
You feel stupid.
You feel less in control of your magic.
The giant cockroach bites you but does no damage.
The adder closely misses you. The gnoll hits you with a +0 whip.
* * * LOW HITPOINT WARNING * * *
The gnoll closely misses you.
Aiming: Charm
Press: ? - help, Shift-Dir - straight line, f - gnoll
Aim: a gnoll, wielding a +0 flail (chance to affect: 70%)
The gnoll is charmed.
The bat hits your gnoll.
The bat hits your gnoll but does no damage.
The giant cockroach bites you but does no damage.
The adder barely misses you.
The bat hits your gnoll but does no damage.
The gnoll misses you. The giant cockroach misses you.
You hit the adder.
You kill the adder!
The bat hits your gnoll but does no damage.
The bat barely misses your gnoll. The giant cockroach bites you.
* * * LOW HITPOINT WARNING * * *
The bat closely misses your gnoll. The gnoll hits you with a +0 whip!
You die...

#.......................#####
#.................#..........
#####...........###......#...
####...........[.....'...
###<...<..........#...
##...#(.......####... {
#......#......###....
#..g..............##.
#.bB@..#...#+#....###
#..g...#...# #.....##
......)........# #.......
...............# #...##..
....................# ##.
.................... #..
..............!..........
..#####............#...## ..
##....#...... ..# #


You could see a gnoll, a giant cockroach, a bat (ally target) and a friendly
gnoll (charmed).

Vanquished Creatures
  Natasha (thrice) (D:3)
  2 adders
  A gnoll (D:3)
  A dart slug (D:2)
  An orc (D:3)
  10 ball pythons
  4 endoplasms
  4 giant cockroaches
  2 goblins
  2 hobgoblins (D:1)
  3 jackals (D:1)
  12 kobolds
  4 quokkas
  10 bats
  3 frilled lizards
  6 rats
68 creatures vanquished.

Notes
Turn   | Place    | Note
-------+----------+-------------------------------------------
     0 | D:1      | bearlyready the Formicid Artificer began the quest for the
                  | Orb.
     0 | D:1      | Reached XP level 1. HP: 15/15 MP: 1/1
   569 | D:1      | Reached XP level 2. HP: 14/22 MP: 2/2
   944 | D:1      | Found a faded altar of an unknown god.
  1443 | D:1      | Reached XP level 3. HP: 27/27 MP: 3/3
  1528 | D:1      | Reached skill level 4 in Evocations
  2358 | D:2      | Reached XP level 4. HP: 24/34 MP: 4/4
  2889 | D:3      | Noticed Natasha
  2897 | D:3      | Killed Natasha
  2898 | D:3      | Reached skill level 1 in Maces & Flails
  3075 | D:3      | Noticed Natasha
  3084 | D:3      | Killed Natasha
  3085 | D:3      | Reached XP level 5. HP: 28/41 MP: 5/5
  3190 | D:3      | Found a shadowy altar of Dithmenos.
  3299 | D:3      | Noticed Natasha
  3311 | D:3      | Killed Natasha
  3481 | D:3      | Found Xaschapho's Assorted Antiques.
  3559 | D:3      | Found Fiudwif's Weapon Boutique.
  3613 | D:3      | Gained mutation: You have large cloven feet. [potion of
                  | mutation]
  3613 | D:3      | Gained mutation: You are dopey. (Int -2) [potion of
                  | mutation]
  3613 | D:3      | Gained mutation: Your spells are a little harder to cast,
                  | but a little more powerful. [potion of mutation]
  3615 | D:3      | Slain by a gnoll

Illustrated notes

Levels and vault maps discovered:
D:1:      minmay_arrival_glassed_features, layout_basic, basic_ecumenical_altar
D:2:      layout_rooms, kennysheep_generic_room_6
D:3:      minmay_goblin_kobold_castle, layout_basic,
          nicolae_dithmenos_shadow_blocks, mainiacjoe_overflow_catwalk,
          serial_shops, nicolae_shop_waterfront, nicolae_lakefront_shop,
          uniq_natasha
D:4:      cheibrodos_barr_body, layout_loops_cross, hangedman_glass_teeth,
          kennysheep_generic_room_7, uniq_duvessa

Skill      XL: |  1  2  3  4 |
---------------+-------------+-----
Fighting       | 2 3 |  3.5
Evocations     | 4 |  4.9
Maces & Flails | 1 |  1.8
Armour         | |  2.1
Dodging        | |  0.8
Stealth        | |  1.2

Action                   |  1- 3 |  4- 6 || total
-------------------------+-------+-------++-------
Melee: Dagger            |   160 |       ||   160
       Club              |    23 |       ||    23
       Whip              |     6 |    89 ||    95
       Punch             |     2 |     1 ||     3
Evoke: Wand              |     4 |     3 ||     7
  Use: Potion            |       |     2 ||     2
 Stab: Sleeping          |     4 |       ||     4
Armor: Leather armour    |    71 |    29 ||   100
Dodge: Dodged            |   147 |    76 ||   223

Table legend: (Time is in decaauts)
 A = Elapsed time spent in this place.
 B = Non-inter-level travel time spent in this place.
 C = Inter-level travel time spent in this place.
 D = Time resting spent in this place.
 E = Time spent auto-exploring this place.
 F = Levels seen in this place.
 G = Mean time per level.
                   A        B        C        D        E       F      G
               +--------+--------+--------+--------+--------+-----+--------+
         Total |   3627 |   3598 |     29 |    570 |   2363 |   4 |  906.8 |
       Dungeon |   3627 |   3598 |     29 |    570 |   2363 |   4 |  906.8 |
               +--------+--------+--------+--------+--------+-----+--------+

Top non-repeatable levels by time:
     D:1: 2130 daAuts
     D:3: 779 daAuts
     D:2: 706 daAuts
     D:4: 11 daAuts
